RedWings vs Blues

Created - 15 janvier 2018 at 17:26

Goals
1 2 3 T
RedWings 0 1 2 3
Blues 0 3 1 4
Shots
1 2 3 T
RedWings 12 12 11 35
Blues 8 13 21 42

1st period

No Goal

Penalties :
Ben Lovejoy (DET) for Holding (Minor) at 6:14, Jay McClement (STL) for Holding (Minor) at 12:31, Ben Lovejoy (DET) for Hooking (Minor) at 12:31, Cal Clutterbuck (STL) for Tripping (Minor) at 17:10

2nd period

1. Blues , Rick Nash 21 (Marian Hossa 25, Johnny Boychuk 13) at 3:24
2. RedWings , Erik Haula 4 (Kris Russell 15, Tyler Toffoli 10) at 5:51
3. Blues , Rick Nash 22 (Mike Fisher 30, John-Michael Liles 13) at 11:49
4. Blues , Mike Fisher 20 (Marian Hossa 26) at 14:11

Penalties :
Matt Irwin (STL) for Goalie Interference (Minor) at 6:42, Johnny Boychuk (STL) for Hooking (Minor) at 14:27

3rd period

5. Blues , Cal Clutterbuck 5 (Johnny Boychuk 14, Adam Cracknell 3) at 12:00
6. RedWings , Ryan Hartman 6 (Erik Haula 3, Loui Eriksson 9) at 14:17
7. RedWings , Filip Forsberg 22 (Sean Monahan 31, David Pastrnak 26) at 16:58

Penalties :
No Penalty

Goalie Stats

John Gibson (DET), 38 saves from 42 shots - (0.905), L, 9-4-0, 59:35 minutes
Ryan Miller (STL), 32 saves from 35 shots - (0.914), W, 13-13-2, 60:00 minutes

Players Stats for RedWings

Player Name              G  A  P  +/- PIM S  H  SB GA TA FO     MP     PP MP  PK MP  
------------------------------------------------------------------------------------
Andrew Cogliano          0  0  0   0  0   0  0  0  0  0  0/0     0:38   0:00   0:38 
Ben Lovejoy              0  0  0   0  4   2  0  1  0  0  0/0    22:55   3:04   0:00 
David Pastrnak           0  1  1  -2  0   5  1  0  0  0  0/0    25:30   2:31   0:33 
Dennis Seidenberg        0  0  0   0  0   1  4  1  0  0  0/0    17:09   0:00   0:38 
Erik Haula               1  1  2   1  0   6  1  0  0  0  11/24  14:56   0:00   1:06 
Filip Forsberg           1  0  1  -2  0   7  1  0  0  0  2/5    24:57   2:31   0:00 
Jake Gardiner            0  0  0  -1  0   0  1  1  0  0  0/0    18:34   2:53   0:53 
Jonathan Drouin          0  0  0   0  0   1  1  0  0  0  0/0    19:44   3:26   0:00 
Kris Russell             0  1  1   0  0   0  1  4  0  0  0/0    18:55   0:00   0:43 
Loui Eriksson            0  1  1   0  0   3  0  0  0  0  0/1    12:02   0:00   1:03 
Micheal Ferland          0  0  0   1  0   0  1  0  0  0  0/0     2:51   0:00   0:00 
Nick Jensen              0  0  0  -1  0   0  0  1  0  0  0/0    13:29   0:00   0:18 
Paul Martin              0  0  0   0  0   0  0  1  0  0  0/0    24:54   2:53   0:38 
Ryan Hartman             1  0  1   0  0   3  3  0  0  0  0/0    10:29   0:00   0:00 
Sam Gagner               0  0  0   0  0   2  1  1  0  0  16/25  18:45   3:26   0:00 
Sean Monahan             0  1  1  -2  0   2  1  0  0  0  19/43  24:34   2:31   0:38 
Thomas Hickey            0  0  0   0  0   0  0  0  0  0  0/0     4:02   3:04   0:48 
Tyler Toffoli            0  1  1   1  0   3  2  0  0  0  1/3    21:36   3:26   0:00 

Players Stats for Blues

Player Name              G  A  P  +/- PIM S  H  SB GA TA FO     MP     PP MP  PK MP  
------------------------------------------------------------------------------------
Adam Cracknell           0  1  1   1  0   1  0  0  0  0  7/10    8:38   0:00   3:49 
Brian Flynn              0  0  0  -1  0   1  1  0  0  0  10/16  11:29   0:00   0:17 
Brian Gionta             0  0  0   0  0   6  3  0  0  0  2/5    20:04   0:50   1:51 
Cal Clutterbuck          1  0  1   0  2   3  0  1  0  0  1/3    15:08   0:00   0:00 
Carl Gunnarsson          0  0  0   1  0   0  0  1  0  0  0/0    16:40   0:00   1:51 
Chris Wideman            0  0  0   1  0   0  1  1  0  0  0/0    17:16   0:00   3:09 
Clarke MacArthur         0  0  0   0  0   0  0  0  0  0  0/0     0:18   0:00   0:18 
Dwight King              0  0  0   0  0   3  1  0  0  0  0/0    17:38   0:50   0:00 
Jay McClement            0  0  0   0  2   6  5  0  0  0  8/23   17:37   0:50   0:00 
Jiri Hudler              0  0  0   1  0   1  0  0  0  0  1/4     6:13   0:00   0:00 
John-Michael Liles       0  1  1   0  0   0  1  3  0  0  0/0    20:24   0:50   0:00 
Johnny Boychuk           0  2  2   1  2   1  2  1  0  0  0/0    25:04   0:50   2:08 
Kris Versteeg            0  0  0  -1  0   2  0  0  0  0  1/2    11:12   0:00   0:00 
Marian Hossa             0  2  2   1  0   5  0  0  0  0  0/5    24:29   1:09   3:48 
Matt Irwin               0  0  0  -1  2   0  0  1  0  0  0/0    18:55   1:09   1:57 
Mike Fisher              1  1  2   1  0   5  3  1  0  0  22/31  18:25   1:09   0:00 
Niklas Kronwall          0  0  0   0  0   1  3  0  0  0  0/0    21:39   1:09   2:49 
Rick Nash                2  0  2   1  0   7  3  0  0  0  0/2    20:51   1:09   1:51 

3 Stars

1 - Rick Nash (STL)
2 - Mike Fisher (STL)
3 - Erik Haula (DET)

Power Play

RedWings - 0 on 3 Attempt(s) - 0.00%
Blues - 0 on 1 Attempt(s) - 0.00%

Penalty Kill

RedWings - 1 on 1 Attempt(s) - 100.00% - Score 0 goal in Penalty Kill
Blues - 3 on 3 Attempt(s) - 100.00% - Score 0 goal in Penalty Kill

Team Stat

RedWings - Hits : 18 - Faceoff Wins : 49 - Blocked Shots : 10 - Penalty Minutes : 4
Blues - Hits : 23 - Faceoff Wins : 52 - Blocked Shots : 9 - Penalty Minutes : 8

Official

Referees : Ghislain Hebert and Wes McCauley
Linesman : Ryan Galloway and Scott Cherrey

Game Notes

No Game Note

Finance

Level 1 -- Attendance: 6062 (93.26%) -- Ticket Income 612 262 $
Level 2 -- Attendance: 3560 (71.20%) -- Ticket Income 302 600 $
Level 3 -- Attendance: 3433 (98.09%) -- Ticket Income 205 980 $
Level 4 -- Attendance: 2246 (71.30%) -- Ticket Income 101 070 $
Luxury Box -- Attendance: 909 (90.90%) -- Ticket Income 181 800 $
Game was played at the Scottrade Center.
Total Attendance: 16210 (84.65%)
Total Ticket Income: 1 403 712 $
Other Income: 210 557 $
Total Income: 1 614 269 $

% Time on Ice - RedWings

Lines # - Real PCT - Wanted PCT - Time Play
Normal Forward
1 - 42% - 40% - 20:56
2 - 31% - 30% - 15:19
3 - 21% - 20% - 10:29
4 - 6% - 10% - 2:51
Normal Defense
1 - 38% - 40% - 18:43
2 - 33% - 30% - 16:31
3 - 27% - 20% - 13:11
4 - 2% - 10% - 1:10
PP Forward
1 - 58% - 60% - 3:26
2 - 42% - 40% - 2:31
PP Defense
1 - 48% - 60% - 2:53
2 - 52% - 40% - 3:04
PK Forward
1 - 68% - 60% - 1:21
2 - 32% - 40% - 0:38
PK Defense
1 - 68% - 60% - 1:21
2 - 32% - 40% - 0:38
PK3 Forward
1 - 0% - 60%
2 - 0% - 40%
PK3 Defense
1 - 0% - 60%
2 - 0% - 40%
44 Forward
1 - 76% - 60% - 1:30
2 - 24% - 40% - 0:29
44 Defense
1 - 32% - 60% - 0:38
2 - 68% - 40% - 1:21
Last Minute Offensive  - 0:30
Last Minute Defensive  - 0:00
Total
Forward - 60:00
Defense - 60:00

% Time on Ice - Blues

Lines # - Real PCT - Wanted PCT - Time Play
Normal Forward
1 - 33% - 40% - 16:26
2 - 34% - 30% - 16:48
3 - 23% - 20% - 11:12
4 - 10% - 10% - 4:49
Normal Defense
1 - 38% - 40% - 18:44
2 - 30% - 30% - 14:53
3 - 28% - 20% - 13:47
4 - 4% - 10% - 1:51
PP Forward
1 - 58% - 60% - 1:09
2 - 42% - 40% - 0:50
PP Defense
1 - 42% - 60% - 0:50
2 - 58% - 40% - 1:09
PK Forward
1 - 69% - 60% - 4:06
2 - 31% - 40% - 1:51
PK Defense
1 - 53% - 60% - 3:08
2 - 47% - 40% - 2:49
PK3 Forward
1 - 0% - 60%
2 - 0% - 40%
PK3 Defense
1 - 0% - 60%
2 - 0% - 40%
44 Forward
1 - 71% - 60% - 1:24
2 - 29% - 40% - 0:35
44 Defense
1 - 52% - 60% - 1:02
2 - 48% - 40% - 0:57
Last Minute Offensive  - 0:00
Last Minute Defensive  - 0:50
Total
Forward - 60:00
Defense - 60:00

Play by Play

1st period


0:01 of 1st period - Sean Monahan wins face-off versus Mike Fisher in neutral zone.
0:01 of 1st period - Sean Monahan is hit by Rick Nash.
0:07 of 1st period - Shot by David Pastrnak.
0:07 of 1st period - Stopped by Ryan Miller with a rebound.
0:37 of 1st period - Shot by Filip Forsberg.
0:37 of 1st period - Shot Blocked by John-Michael Liles.
0:43 of 1st period - Filip Forsberg is hit by Mike Fisher and loses puck.
1:10 of 1st period - Shot by Sam Gagner.
1:10 of 1st period - Stopped by Ryan Miller without a rebound.
1:11 of 1st period - Brian Flynn wins face-off versus Erik Haula in Blues zone.
1:28 of 1st period - Carl Gunnarsson is hit by Ryan Hartman and loses puck.
1:58 of 1st period - Icing by Kris Russell.
1:59 of 1st period - Tyler Toffoli wins face-off versus Jay McClement in RedWings zone.
2:06 of 1st period - Shot by Tyler Toffoli.
2:06 of 1st period - Stopped by Ryan Miller without a rebound.
2:07 of 1st period - Sam Gagner wins face-off versus Mike Fisher in Blues zone.
2:07 of 1st period - Jonathan Drouin is hit by Niklas Kronwall and loses puck.
2:19 of 1st period - Shot by Sam Gagner.
2:19 of 1st period - Shot Misses the Net.
2:28 of 1st period - Tyler Toffoli is hit by Niklas Kronwall.
2:44 of 1st period - Shot by Rick Nash.
2:44 of 1st period - Shot Misses the Net.
3:08 of 1st period - Shot by Filip Forsberg.
3:08 of 1st period - Stopped by Ryan Miller without a rebound.
3:09 of 1st period - Adam Cracknell wins face-off versus Erik Haula in Blues zone.
3:09 of 1st period - Adam Cracknell is hit by Ryan Hartman.
3:28 of 1st period - Matt Irwin is hit by Erik Haula and loses puck.
3:54 of 1st period - Paul Martin is hit by Brian Gionta and loses puck.
4:09 of 1st period - Shot by Jay McClement.
4:09 of 1st period - Shot Misses the Net.
4:11 of 1st period - Shot by Brian Gionta.
4:11 of 1st period - Stopped by John Gibson without a rebound.
4:12 of 1st period - Mike Fisher wins face-off versus Sean Monahan in RedWings zone.
4:13 of 1st period - Shot by Marian Hossa.
4:13 of 1st period - Shot Blocked by Nick Jensen.
4:15 of 1st period - Shot by Mike Fisher.
4:15 of 1st period - Shot Misses the Net.
4:17 of 1st period - Shot by Marian Hossa.
4:17 of 1st period - Stopped by John Gibson without a rebound.
4:18 of 1st period - Mike Fisher wins face-off versus Sean Monahan in RedWings zone.
4:20 of 1st period - Marian Hossa is hit by Jake Gardiner.
4:26 of 1st period - Shot by David Pastrnak.
4:26 of 1st period - Shot Misses the Net.
4:28 of 1st period - Shot by Nick Jensen.
4:28 of 1st period - Shot Blocked by Carl Gunnarsson.
4:30 of 1st period - Shot by Jake Gardiner.
4:30 of 1st period - Shot Misses the Net.
4:32 of 1st period - Shot by Filip Forsberg.
4:32 of 1st period - Shot Misses the Net.
4:34 of 1st period - Shot by Nick Jensen.
4:34 of 1st period - Shot Blocked by Chris Wideman.
4:36 of 1st period - Shot by Filip Forsberg.
4:36 of 1st period - Deflect By David Pastrnak.
4:36 of 1st period - Shot Misses the Net.
4:53 of 1st period - Shot by Sean Monahan.
4:53 of 1st period - Stopped by Ryan Miller without a rebound.
4:54 of 1st period - Sam Gagner wins face-off versus Jay McClement in Blues zone.
5:03 of 1st period - Shot by Jay McClement.
5:03 of 1st period - Shot Blocked by Kris Russell.
5:07 of 1st period - Shot by Brian Gionta.
5:07 of 1st period - Shot Misses the Net.
5:13 of 1st period - Shot by Brian Gionta.
5:13 of 1st period - Shot Blocked by Kris Russell.
5:53 of 1st period - Shot by Kris Versteeg.
5:53 of 1st period - Stopped by John Gibson without a rebound.
5:54 of 1st period - Mike Fisher wins face-off versus Sean Monahan in RedWings zone.
6:14 of 1st period - Minor Penalty to Ben Lovejoy for Holding.
6:15 of 1st period - Mike Fisher wins face-off versus Erik Haula in RedWings zone.
6:32 of 1st period - Shot by Rick Nash.
6:32 of 1st period - Shot Misses the Net.
8:32 of 1st period - Icing by Sam Gagner.
8:33 of 1st period - Adam Cracknell wins face-off versus Sam Gagner in RedWings zone.
9:27 of 1st period - Shot by Dwight King.
9:27 of 1st period - Stopped by John Gibson without a rebound.
9:28 of 1st period - Brian Flynn wins face-off versus Erik Haula in RedWings zone.
9:46 of 1st period - Shot by Ryan Hartman.
9:46 of 1st period - Shot Misses the Net.
9:56 of 1st period - Icing by Johnny Boychuk.
9:57 of 1st period - Brian Flynn wins face-off versus Sean Monahan in Blues zone.
10:19 of 1st period - Shot by Filip Forsberg.
10:19 of 1st period - Stopped by Ryan Miller without a rebound.
10:20 of 1st period - Sam Gagner wins face-off versus Jay McClement in Blues zone.
10:54 of 1st period - Shot by Sam Gagner.
10:54 of 1st period - Shot Misses the Net.
11:51 of 1st period - Icing by Kris Russell.
11:52 of 1st period - Mike Fisher wins face-off versus Sean Monahan in RedWings zone.
12:05 of 1st period - Shot by Mike Fisher.
12:05 of 1st period - Shot Misses the Net.
12:07 of 1st period - Shot by Marian Hossa.
12:07 of 1st period - Deflect By Rick Nash.
12:07 of 1st period - Stopped by John Gibson without a rebound.
12:08 of 1st period - Kris Versteeg wins face-off versus Erik Haula in RedWings zone.
12:16 of 1st period - Off-side.
12:17 of 1st period - Erik Haula wins face-off versus Jay McClement in neutral zone.
12:31 of 1st period - Minor Penalty to Jay McClement for Holding.
12:31 of 1st period - Minor Penalty to Ben Lovejoy for Hooking.
12:32 of 1st period - Filip Forsberg wins face-off versus Jiri Hudler in RedWings zone.
12:43 of 1st period - Shot by David Pastrnak.
12:43 of 1st period - Stopped by Ryan Miller without a rebound.
12:44 of 1st period - Filip Forsberg wins face-off versus Jiri Hudler in Blues zone.
12:57 of 1st period - Shot by David Pastrnak.
12:57 of 1st period - Shot Misses the Net.
13:33 of 1st period - Shot by Brian Gionta.
13:33 of 1st period - Stopped by John Gibson with a rebound.
13:35 of 1st period - Shot by Brian Gionta.
13:35 of 1st period - Stopped by John Gibson without a rebound.
13:36 of 1st period - Sean Monahan wins face-off versus Jiri Hudler in RedWings zone.
13:45 of 1st period - Shot by Sean Monahan.
13:45 of 1st period - Stopped by Ryan Miller without a rebound.
13:46 of 1st period - Sean Monahan wins face-off versus Brian Gionta in Blues zone.
14:02 of 1st period - Off-side.
14:03 of 1st period - Jiri Hudler wins face-off versus Filip Forsberg in neutral zone.
14:18 of 1st period - Shot by Jiri Hudler.
14:18 of 1st period - Shot Misses the Net.
14:28 of 1st period - Shot by Filip Forsberg.
14:28 of 1st period - Stopped by Ryan Miller without a rebound.
14:29 of 1st period - Brian Gionta wins face-off versus Sean Monahan in Blues zone.
14:49 of 1st period - Erik Haula is hit by Niklas Kronwall and loses puck.
15:54 of 1st period - Shot by Paul Martin.
15:54 of 1st period - Shot Misses the Net.
16:28 of 1st period - Shot by Loui Eriksson.
16:28 of 1st period - Stopped by Ryan Miller without a rebound.
16:29 of 1st period - Mike Fisher wins face-off versus Erik Haula in Blues zone.
16:36 of 1st period - Shot by Loui Eriksson.
16:36 of 1st period - Stopped by Ryan Miller with a rebound.
16:43 of 1st period - Icing by Carl Gunnarsson.
16:44 of 1st period - Sam Gagner wins face-off versus Mike Fisher in Blues zone.
17:05 of 1st period - Shot by Marian Hossa.
17:05 of 1st period - Shot Blocked by Kris Russell.
17:07 of 1st period - Shot by Marian Hossa.
17:07 of 1st period - Shot Misses the Net.
17:09 of 1st period - Shot by Rick Nash.
17:09 of 1st period - Stopped by John Gibson without a rebound.
17:10 of 1st period - Sean Monahan wins face-off versus Cal Clutterbuck in RedWings zone.
17:10 of 1st period - Minor Penalty to Cal Clutterbuck for Tripping.
17:11 of 1st period - Adam Cracknell wins face-off versus Sean Monahan in Blues zone.
17:26 of 1st period - Shot by David Pastrnak.
17:26 of 1st period - Shot Blocked by Johnny Boychuk.
18:04 of 1st period - Off-side.
18:05 of 1st period - Sam Gagner wins face-off versus Brian Gionta in neutral zone.
19:01 of 1st period - Icing by Tyler Toffoli.
19:02 of 1st period - Sam Gagner wins face-off versus Brian Flynn in RedWings zone.
19:02 of 1st period - Sam Gagner is hit by Brian Flynn.
19:40 of 1st period - Shot by Erik Haula.
19:40 of 1st period - Shot Misses the Net.
19:42 of 1st period - Shot by Erik Haula.
19:42 of 1st period - Stopped by Ryan Miller with a rebound.
19:44 of 1st period - Shot by Erik Haula.
19:44 of 1st period - Shot Misses the Net.
Goals for this period are 0 for RedWings vs 0 for Blues.
Shots for this period are 12 for RedWings vs 8 for Blues.

2nd period


0:01 of 2nd period - Mike Fisher wins face-off versus Filip Forsberg in neutral zone.
0:49 of 2nd period - Icing by David Pastrnak.
0:50 of 2nd period - Sean Monahan wins face-off versus Brian Flynn in RedWings zone.
1:47 of 2nd period - Off-side.
1:48 of 2nd period - Mike Fisher wins face-off versus Erik Haula in neutral zone.
1:57 of 2nd period - Shot by Marian Hossa.
1:57 of 2nd period - Stopped by John Gibson without a rebound.
1:58 of 2nd period - Erik Haula wins face-off versus Jay McClement in RedWings zone.
1:58 of 2nd period - Erik Haula is hit by Jay McClement.
2:01 of 2nd period - Loui Eriksson is hit by Brian Gionta.
2:49 of 2nd period - Icing by Matt Irwin.
2:50 of 2nd period - Sean Monahan wins face-off versus Marian Hossa in Blues zone.
2:53 of 2nd period - Shot by David Pastrnak.
2:53 of 2nd period - Deflect By Filip Forsberg.
2:53 of 2nd period - Stopped by Ryan Miller without a rebound.
2:54 of 2nd period - Sean Monahan wins face-off versus Rick Nash in Blues zone.
3:03 of 2nd period - Shot by Marian Hossa.
3:03 of 2nd period - Shot Misses the Net.
3:24 of 2nd period - Shot by Rick Nash.
3:24 of 2nd period - Goal by Rick Nash - RedWings : 0 - Blues : 1.
3:25 of 2nd period - Brian Flynn wins face-off versus Sam Gagner in neutral zone.
3:59 of 2nd period - Shot by Kris Versteeg.
3:59 of 2nd period - Stopped by John Gibson without a rebound.
4:00 of 2nd period - Sean Monahan wins face-off versus Jay McClement in RedWings zone.
4:51 of 2nd period - Shot by Mike Fisher.
4:51 of 2nd period - Shot Hit the Post.
5:27 of 2nd period - Shot by Cal Clutterbuck.
5:27 of 2nd period - Stopped by John Gibson without a rebound.
5:28 of 2nd period - Brian Flynn wins face-off versus Erik Haula in RedWings zone.
5:51 of 2nd period - Shot by Erik Haula.
5:51 of 2nd period - Goal by Erik Haula - RedWings : 1 - Blues : 1.
5:52 of 2nd period - Sam Gagner wins face-off versus Jay McClement in neutral zone.
5:52 of 2nd period - Tyler Toffoli is hit by Jay McClement and loses puck.
5:59 of 2nd period - Icing by John-Michael Liles.
6:00 of 2nd period - Erik Haula wins face-off versus Jay McClement in Blues zone.
6:00 of 2nd period - Erik Haula is hit by John-Michael Liles.
6:30 of 2nd period - Off-side.
6:31 of 2nd period - Mike Fisher wins face-off versus Sam Gagner in neutral zone.
6:36 of 2nd period - Shot by Mike Fisher.
6:36 of 2nd period - Stopped by John Gibson without a rebound.
6:37 of 2nd period - Sam Gagner wins face-off versus Mike Fisher in RedWings zone.
6:37 of 2nd period - Sam Gagner is hit by Rick Nash.
6:42 of 2nd period - Minor Penalty to Matt Irwin for Goalie Interference.
6:43 of 2nd period - Sam Gagner wins face-off versus Marian Hossa in Blues zone.
6:45 of 2nd period - Tyler Toffoli is hit by Chris Wideman.
6:56 of 2nd period - Shot by Sam Gagner.
6:56 of 2nd period - Stopped by Ryan Miller with a rebound.
7:38 of 2nd period - Shot by David Pastrnak.
7:38 of 2nd period - Stopped by Ryan Miller without a rebound.
7:39 of 2nd period - Brian Gionta wins face-off versus Sean Monahan in Blues zone.
7:48 of 2nd period - Shot by David Pastrnak.
7:48 of 2nd period - Deflect By Filip Forsberg.
7:48 of 2nd period - Shot Misses the Net.
8:26 of 2nd period - Shot by Jake Gardiner.
8:26 of 2nd period - Shot Misses the Net.
9:02 of 2nd period - Shot by Cal Clutterbuck.
9:02 of 2nd period - Stopped by John Gibson without a rebound.
9:03 of 2nd period - Jay McClement wins face-off versus Erik Haula in RedWings zone.
9:10 of 2nd period - Shot by Dwight King.
9:10 of 2nd period - Stopped by John Gibson without a rebound.
9:11 of 2nd period - Jay McClement wins face-off versus Sean Monahan in RedWings zone.
9:37 of 2nd period - Icing by Kris Russell.
9:38 of 2nd period - Sean Monahan wins face-off versus Brian Flynn in RedWings zone.
9:47 of 2nd period - Shot by Filip Forsberg.
9:47 of 2nd period - Shot Blocked by Matt Irwin.
9:49 of 2nd period - Shot by Dennis Seidenberg.
9:49 of 2nd period - Stopped by Ryan Miller without a rebound.
9:50 of 2nd period - Sam Gagner wins face-off versus Mike Fisher in Blues zone.
10:33 of 2nd period - Paul Martin is hit by Jay McClement and loses puck.
10:56 of 2nd period - Shot by Brian Gionta.
10:56 of 2nd period - Shot Misses the Net.
10:58 of 2nd period - Shot by Jay McClement.
10:58 of 2nd period - Stopped by John Gibson with a rebound.
11:00 of 2nd period - Shot by Jay McClement.
11:00 of 2nd period - Stopped by John Gibson without a rebound.
11:01 of 2nd period - Adam Cracknell wins face-off versus Sean Monahan in RedWings zone.
11:17 of 2nd period - Icing by David Pastrnak.
11:18 of 2nd period - Mike Fisher wins face-off versus Sean Monahan in RedWings zone.
11:27 of 2nd period - Shot by Mike Fisher.
11:27 of 2nd period - Shot Misses the Net.
11:29 of 2nd period - Shot by Johnny Boychuk.
11:29 of 2nd period - Shot Misses the Net.
11:31 of 2nd period - Shot by Johnny Boychuk.
11:31 of 2nd period - Deflect By Marian Hossa.
11:31 of 2nd period - Shot Misses the Net.
11:43 of 2nd period - Shot by Marian Hossa.
11:43 of 2nd period - Shot Misses the Net.
11:45 of 2nd period - Shot by John-Michael Liles.
11:45 of 2nd period - Shot Misses the Net.
11:47 of 2nd period - Shot by Mike Fisher.
11:47 of 2nd period - Shot Misses the Net.
11:49 of 2nd period - Shot by Rick Nash.
11:49 of 2nd period - Goal by Rick Nash - RedWings : 1 - Blues : 2.
11:50 of 2nd period - Erik Haula wins face-off versus Jay McClement in neutral zone.
13:23 of 2nd period - Off-side.
13:24 of 2nd period - Brian Flynn wins face-off versus Sean Monahan in neutral zone.
13:31 of 2nd period - Shot by Brian Flynn.
13:31 of 2nd period - Stopped by John Gibson with a rebound.
13:33 of 2nd period - Shot by John-Michael Liles.
13:33 of 2nd period - Shot Blocked by Dennis Seidenberg.
13:40 of 2nd period - Off-side.
13:41 of 2nd period - Mike Fisher wins face-off versus Erik Haula in neutral zone.
14:11 of 2nd period - Shot by Mike Fisher.
14:11 of 2nd period - Goal by Mike Fisher - RedWings : 1 - Blues : 3.
14:12 of 2nd period - Brian Flynn wins face-off versus Sean Monahan in neutral zone.
14:27 of 2nd period - Minor Penalty to Johnny Boychuk for Hooking.
14:28 of 2nd period - Adam Cracknell wins face-off versus Sam Gagner in Blues zone.
14:28 of 2nd period - Adam Cracknell is hit by Tyler Toffoli.
14:42 of 2nd period - Shot by Tyler Toffoli.
14:42 of 2nd period - Stopped by Ryan Miller without a rebound.
14:43 of 2nd period - Sean Monahan wins face-off versus Adam Cracknell in Blues zone.
14:52 of 2nd period - Shot by Ben Lovejoy.
14:52 of 2nd period - Shot Misses the Net.
14:54 of 2nd period - Shot by Ben Lovejoy.
14:54 of 2nd period - Stopped by Ryan Miller with a rebound.
14:56 of 2nd period - Shot by Ben Lovejoy.
14:56 of 2nd period - Stopped by Ryan Miller without a rebound.
14:57 of 2nd period - Sam Gagner wins face-off versus Marian Hossa in Blues zone.
15:04 of 2nd period - Shot by Tyler Toffoli.
15:04 of 2nd period - Shot Misses the Net.
15:06 of 2nd period - Shot by Tyler Toffoli.
15:06 of 2nd period - Shot Misses the Net.
15:08 of 2nd period - Shot by Jonathan Drouin.
15:08 of 2nd period - The goal is going for a video replay.
15:08 of 2nd period - The goal is refused.
15:09 of 2nd period - Sean Monahan wins face-off versus Adam Cracknell in Blues zone.
16:04 of 2nd period - Matt Irwin is hit by Jonathan Drouin.
16:35 of 2nd period - Shot by Erik Haula.
16:35 of 2nd period - Stopped by Ryan Miller without a rebound.
16:36 of 2nd period - Brian Flynn wins face-off versus Erik Haula in Blues zone.
16:38 of 2nd period - Kris Versteeg is hit by Ryan Hartman and loses puck.
16:59 of 2nd period - Shot by Erik Haula.
16:59 of 2nd period - Stopped by Ryan Miller without a rebound.
17:00 of 2nd period - Sean Monahan wins face-off versus Jay McClement in Blues zone.
17:17 of 2nd period - Shot by Filip Forsberg.
17:17 of 2nd period - Stopped by Ryan Miller without a rebound.
17:18 of 2nd period - Mike Fisher wins face-off versus Sam Gagner in Blues zone.
17:26 of 2nd period - Off-side.
17:27 of 2nd period - Sean Monahan wins face-off versus Brian Flynn in neutral zone.
18:01 of 2nd period - Shot by Sean Monahan.
18:01 of 2nd period - Shot Blocked by Cal Clutterbuck.
18:16 of 2nd period - Icing by Kris Russell.
18:17 of 2nd period - Mike Fisher wins face-off versus Sean Monahan in RedWings zone.
18:26 of 2nd period - Shot by Mike Fisher.
18:26 of 2nd period - Stopped by John Gibson without a rebound.
18:27 of 2nd period - Jay McClement wins face-off versus Sam Gagner in RedWings zone.
19:39 of 2nd period - Icing by Carl Gunnarsson.
19:40 of 2nd period - Jay McClement wins face-off versus Sean Monahan in Blues zone.
19:40 of 2nd period - Jay McClement is hit by Sean Monahan.
19:56 of 2nd period - Mike Fisher is hit by Filip Forsberg and loses puck.
Goals for this period are 1 for RedWings vs 3 for Blues.
Shots for this period are 12 for RedWings vs 13 for Blues.

3rd period


0:01 of 3rd period - Mike Fisher wins face-off versus Sean Monahan in neutral zone.
0:03 of 3rd period - Off-side.
0:04 of 3rd period - Sean Monahan wins face-off versus Mike Fisher in neutral zone.
0:33 of 3rd period - Paul Martin is hit by Mike Fisher and loses puck.
1:10 of 3rd period - Jiri Hudler is hit by Dennis Seidenberg.
1:21 of 3rd period - Adam Cracknell is hit by Kris Russell.
1:37 of 3rd period - Tyler Toffoli is hit by Brian Gionta and loses puck.
1:49 of 3rd period - Dwight King is hit by Dennis Seidenberg and loses puck.
1:58 of 3rd period - Shot by Jay McClement.
1:58 of 3rd period - Shot Misses the Net.
2:00 of 3rd period - Shot by Brian Gionta.
2:00 of 3rd period - Shot Blocked by Kris Russell.
2:02 of 3rd period - Shot by Jay McClement.
2:02 of 3rd period - Stopped by John Gibson without a rebound.
2:03 of 3rd period - Erik Haula wins face-off versus Cal Clutterbuck in RedWings zone.
2:05 of 3rd period - Icing by Loui Eriksson.
2:06 of 3rd period - Mike Fisher wins face-off versus Erik Haula in RedWings zone.
2:07 of 3rd period - Shot by Rick Nash.
2:07 of 3rd period - Deflect By Marian Hossa.
2:07 of 3rd period - Shot Misses the Net.
2:15 of 3rd period - Shot by Mike Fisher.
2:15 of 3rd period - Shot Misses the Net.
2:17 of 3rd period - Shot by Marian Hossa.
2:17 of 3rd period - Stopped by John Gibson without a rebound.
2:18 of 3rd period - Brian Flynn wins face-off versus Sean Monahan in RedWings zone.
2:32 of 3rd period - Icing by Paul Martin.
2:33 of 3rd period - Mike Fisher wins face-off versus Sean Monahan in RedWings zone.
2:36 of 3rd period - Shot by Rick Nash.
2:36 of 3rd period - Shot Misses the Net.
2:56 of 3rd period - Shot by Sean Monahan.
2:56 of 3rd period - Shot Misses the Net.
3:30 of 3rd period - Shot by Jiri Hudler.
3:30 of 3rd period - Shot Misses the Net.
3:32 of 3rd period - Shot by Niklas Kronwall.
3:32 of 3rd period - Stopped by John Gibson without a rebound.
3:33 of 3rd period - Erik Haula wins face-off versus Brian Gionta in RedWings zone.
3:49 of 3rd period - Off-side.
3:50 of 3rd period - Brian Flynn wins face-off versus Sam Gagner in neutral zone.
3:54 of 3rd period - Off-side.
3:55 of 3rd period - Adam Cracknell wins face-off versus Erik Haula in neutral zone.
3:57 of 3rd period - Jiri Hudler is hit by Dennis Seidenberg and loses puck.
4:06 of 3rd period - Shot by Niklas Kronwall.
4:06 of 3rd period - Deflect By Jiri Hudler.
4:06 of 3rd period - Stopped by John Gibson with a rebound.
4:23 of 3rd period - Shot by Ryan Hartman.
4:23 of 3rd period - Stopped by Ryan Miller without a rebound.
4:24 of 3rd period - Mike Fisher wins face-off versus Tyler Toffoli in Blues zone.
4:34 of 3rd period - Shot by Rick Nash.
4:34 of 3rd period - Stopped by John Gibson with a rebound.
4:44 of 3rd period - Shot by Rick Nash.
4:44 of 3rd period - Stopped by John Gibson without a rebound.
4:45 of 3rd period - Sean Monahan wins face-off versus Jay McClement in RedWings zone.
4:45 of 3rd period - Sean Monahan is hit by Dwight King.
4:51 of 3rd period - Dwight King is hit by David Pastrnak and loses puck.
5:06 of 3rd period - Shot by Jay McClement.
5:06 of 3rd period - Stopped by John Gibson without a rebound.
5:07 of 3rd period - Erik Haula wins face-off versus Mike Fisher in RedWings zone.
5:07 of 3rd period - Erik Haula is hit by Rick Nash.
5:14 of 3rd period - Icing by John-Michael Liles.
5:15 of 3rd period - Sam Gagner wins face-off versus Marian Hossa in Blues zone.
5:51 of 3rd period - Nick Jensen is hit by Mike Fisher and loses puck.
6:19 of 3rd period - Icing by Ben Lovejoy.
6:20 of 3rd period - Sean Monahan wins face-off versus Jay McClement in RedWings zone.
6:20 of 3rd period - Sean Monahan is hit by Jay McClement.
6:35 of 3rd period - Shot by Jay McClement.
6:35 of 3rd period - Stopped by John Gibson with a rebound.
6:37 of 3rd period - Shot by Brian Gionta.
6:37 of 3rd period - Shot Misses the Net.
6:39 of 3rd period - Shot by Brian Gionta.
6:39 of 3rd period - Shot Hit the Post.
6:41 of 3rd period - Shot by Jay McClement.
6:41 of 3rd period - Stopped by John Gibson with a rebound.
6:43 of 3rd period - Shot by Jay McClement.
6:43 of 3rd period - Shot Blocked by Ben Lovejoy.
6:45 of 3rd period - Shot by Jay McClement.
6:45 of 3rd period - Shot Misses the Net.
6:47 of 3rd period - Shot by Dwight King.
6:47 of 3rd period - Stopped by John Gibson with a rebound.
6:49 of 3rd period - Shot by Jay McClement.
6:49 of 3rd period - Deflect By Brian Gionta.
6:49 of 3rd period - Shot Misses the Net.
7:26 of 3rd period - Icing by Paul Martin.
7:27 of 3rd period - Mike Fisher wins face-off versus Sean Monahan in RedWings zone.
7:48 of 3rd period - Shot by Marian Hossa.
7:48 of 3rd period - Stopped by John Gibson without a rebound.
7:49 of 3rd period - Erik Haula wins face-off versus Brian Flynn in RedWings zone.
8:00 of 3rd period - Brian Flynn is hit by Micheal Ferland and loses puck.
8:11 of 3rd period - Shot by Brian Flynn.
8:11 of 3rd period - Shot Hit the Post.
8:16 of 3rd period - Kris Versteeg is hit by Dennis Seidenberg and loses puck.
8:31 of 3rd period - Shot by Rick Nash.
8:31 of 3rd period - Stopped by John Gibson without a rebound.
8:32 of 3rd period - Jay McClement wins face-off versus Tyler Toffoli in RedWings zone.
8:37 of 3rd period - Shot by Jay McClement.
8:37 of 3rd period - Shot Blocked by Jake Gardiner.
8:39 of 3rd period - Shot by Brian Gionta.
8:39 of 3rd period - Stopped by John Gibson with a rebound.
8:41 of 3rd period - Shot by Brian Gionta.
8:41 of 3rd period - Shot Misses the Net.
8:43 of 3rd period - Shot by Dwight King.
8:43 of 3rd period - Shot Misses the Net.
8:45 of 3rd period - Shot by Dwight King.
8:45 of 3rd period - Shot Misses the Net.
8:47 of 3rd period - Shot by Jay McClement.
8:47 of 3rd period - Shot Misses the Net.
9:05 of 3rd period - Shot by Dwight King.
9:05 of 3rd period - Shot Misses the Net.
9:36 of 3rd period - Shot by Dennis Seidenberg.
9:36 of 3rd period - Shot Blocked by John-Michael Liles.
10:10 of 3rd period - Shot by Filip Forsberg.
10:10 of 3rd period - Shot Blocked by Mike Fisher.
10:14 of 3rd period - Shot by David Pastrnak.
10:14 of 3rd period - The goal is going for a video replay.
10:14 of 3rd period - The goal is refused.
10:15 of 3rd period - Sean Monahan wins face-off versus Kris Versteeg in Blues zone.
10:24 of 3rd period - Shot by Sean Monahan.
10:24 of 3rd period - Shot Misses the Net.
10:26 of 3rd period - Shot by Filip Forsberg.
10:26 of 3rd period - Shot Misses the Net.
10:42 of 3rd period - Shot by David Pastrnak.
10:42 of 3rd period - Stopped by Ryan Miller with a rebound.
10:44 of 3rd period - Shot by Filip Forsberg.
10:44 of 3rd period - Shot Misses the Net.
11:05 of 3rd period - Shot by Erik Haula.
11:05 of 3rd period - Stopped by Ryan Miller without a rebound.
11:06 of 3rd period - Sam Gagner wins face-off versus Jay McClement in Blues zone.
11:14 of 3rd period - Brian Gionta is hit by Sam Gagner and loses puck.
11:19 of 3rd period - Ben Lovejoy is hit by Jay McClement and loses puck.
11:28 of 3rd period - Shot by Dwight King.
11:28 of 3rd period - Shot Blocked by Paul Martin.
11:30 of 3rd period - Shot by Jay McClement.
11:30 of 3rd period - Shot Blocked by Sam Gagner.
11:34 of 3rd period - Shot by Brian Gionta.
11:34 of 3rd period - Stopped by John Gibson without a rebound.
11:35 of 3rd period - Mike Fisher wins face-off versus Loui Eriksson in RedWings zone.
11:42 of 3rd period - Shot by Marian Hossa.
11:42 of 3rd period - Shot Misses the Net.
11:44 of 3rd period - Shot by Johnny Boychuk.
11:44 of 3rd period - Shot Misses the Net.
11:46 of 3rd period - Shot by Marian Hossa.
11:46 of 3rd period - Stopped by John Gibson without a rebound.
11:47 of 3rd period - Adam Cracknell wins face-off versus Sean Monahan in RedWings zone.
11:54 of 3rd period - Shot by Jiri Hudler.
11:54 of 3rd period - Shot Misses the Net.
11:56 of 3rd period - Shot by Adam Cracknell.
11:56 of 3rd period - Stopped by John Gibson with a rebound.
11:58 of 3rd period - Shot by Johnny Boychuk.
11:58 of 3rd period - Shot Misses the Net.
12:00 of 3rd period - Shot by Cal Clutterbuck.
12:00 of 3rd period - Goal by Cal Clutterbuck - RedWings : 1 - Blues : 4.
12:01 of 3rd period - Erik Haula wins face-off versus Mike Fisher in neutral zone.
12:07 of 3rd period - Icing by Chris Wideman.
12:08 of 3rd period - Sam Gagner wins face-off versus Mike Fisher in Blues zone.
12:09 of 3rd period - Shot by Tyler Toffoli.
12:09 of 3rd period - Stopped by Ryan Miller without a rebound.
12:10 of 3rd period - Sam Gagner wins face-off versus Marian Hossa in Blues zone.
12:12 of 3rd period - Tyler Toffoli is hit by Johnny Boychuk and loses puck.
12:21 of 3rd period - Shot by Mike Fisher.
12:21 of 3rd period - Stopped by John Gibson without a rebound.
12:22 of 3rd period - Sean Monahan wins face-off versus Jay McClement in RedWings zone.
12:33 of 3rd period - Shot by Filip Forsberg.
12:33 of 3rd period - Stopped by Ryan Miller with a rebound.
12:35 of 3rd period - Shot by Filip Forsberg.
12:35 of 3rd period - Shot Misses the Net.
12:43 of 3rd period - Shot by Filip Forsberg.
12:43 of 3rd period - Shot Misses the Net.
12:55 of 3rd period - Shot by Filip Forsberg.
12:55 of 3rd period - Shot Misses the Net.
13:08 of 3rd period - Icing by Jay McClement.
13:09 of 3rd period - Erik Haula wins face-off versus Jay McClement in Blues zone.
13:26 of 3rd period - Shot by Erik Haula.
13:26 of 3rd period - Shot Misses the Net.
13:28 of 3rd period - Shot by Erik Haula.
13:28 of 3rd period - Stopped by Ryan Miller without a rebound.
13:29 of 3rd period - Sam Gagner wins face-off versus Rick Nash in Blues zone.
14:17 of 3rd period - Shot by Erik Haula.
14:17 of 3rd period - Deflect By Ryan Hartman.
14:17 of 3rd period - Goal by Ryan Hartman - RedWings : 2 - Blues : 4.
14:18 of 3rd period - Sean Monahan wins face-off versus Brian Flynn in neutral zone.
14:49 of 3rd period - Shot by Sean Monahan.
14:49 of 3rd period - Shot Misses the Net.
14:51 of 3rd period - Shot by Sean Monahan.
14:51 of 3rd period - Shot Misses the Net.
15:17 of 3rd period - Shot by Loui Eriksson.
15:17 of 3rd period - Stopped by Ryan Miller without a rebound.
15:18 of 3rd period - Jay McClement wins face-off versus Sam Gagner in Blues zone.
15:23 of 3rd period - Shot by Brian Gionta.
15:23 of 3rd period - Stopped by John Gibson with a rebound.
16:11 of 3rd period - Shot by Mike Fisher.
16:11 of 3rd period - Stopped by John Gibson without a rebound.
16:12 of 3rd period - Mike Fisher wins face-off versus Sean Monahan in RedWings zone.
16:15 of 3rd period - Shot by Marian Hossa.
16:15 of 3rd period - Shot Misses the Net.
16:17 of 3rd period - Shot by Rick Nash.
16:17 of 3rd period - Shot Misses the Net.
16:19 of 3rd period - Shot by Johnny Boychuk.
16:19 of 3rd period - Stopped by John Gibson without a rebound.
16:20 of 3rd period - Mike Fisher wins face-off versus Filip Forsberg in RedWings zone.
16:32 of 3rd period - Filip Forsberg is hit by Johnny Boychuk and loses puck.
16:58 of 3rd period - Shot by Sean Monahan.
16:58 of 3rd period - Deflect By Filip Forsberg.
16:58 of 3rd period - Goal by Filip Forsberg - RedWings : 3 - Blues : 4.
16:59 of 3rd period - Erik Haula wins face-off versus Adam Cracknell in neutral zone.
17:14 of 3rd period - Shot by Ryan Hartman.
17:14 of 3rd period - Stopped by Ryan Miller without a rebound.
17:15 of 3rd period - Jay McClement wins face-off versus Sam Gagner in Blues zone.
17:15 of 3rd period - Jay McClement is hit by Tyler Toffoli.
17:50 of 3rd period - Icing by Carl Gunnarsson.
17:51 of 3rd period - Jay McClement wins face-off versus Sean Monahan in Blues zone.
17:55 of 3rd period - Off-side.
17:56 of 3rd period - Mike Fisher wins face-off versus Sean Monahan in neutral zone.
18:03 of 3rd period - Shot by Rick Nash.
18:03 of 3rd period - Shot Misses the Net.
18:30 of 3rd period - Icing by Ben Lovejoy.
18:31 of 3rd period - Cal Clutterbuck wins face-off versus Sean Monahan in RedWings zone.
19:35 of 3rd period - RedWings, John Gibson is pulled from the net.
19:37 of 3rd period - Shot by Loui Eriksson.
19:37 of 3rd period - Shot Misses the Net.
19:59 of 3rd period - Shot by Loui Eriksson.
19:59 of 3rd period - Shot Blocked by John-Michael Liles.
Goals for this period are 2 for RedWings vs 1 for Blues.
Shots for this period are 11 for RedWings vs 21 for Blues.